 Dungeon Crawl Stone Soup version 0.30.0-30-g96aa6591b8 (webtiles) character file.

Game seed: 2739358700393740731

3392 Heoruswealwe the Thaumaturge (level 9, 0/45 HPs)
             Began as a Deep Elf Earth Elementalist on June 27, 2023.
             Was a Believer of Vehumet.
             Slain by a boulder beetle (18 damage)
             ... on level 8 of the Dungeon.
             The game lasted 01:51:34 (5244 turns).

Heoruswealwe the Thaumaturge (DEEE)                 Turns: 5244, Time: 01:51:34

Health: 0/45       AC:  7    Str:  5    XL:     9   Next: 75%
Magic:  1/28       EV: 17    Int: 25    God:    Vehumet [**....]
Gold:   137        SH:  0    Dex: 15    Spells: 24/34 levels left

rFire   . . .        a - staff of earth
rCold   . . .        (no shield)
rNeg    . . .        c - +0 robe
rPois   +            g - +0 helmet
rElec   .            h - +2 cloak {Will+}
rCorr   .            (no gloves)
SInv    .            e - +0 pair of boots
Will    +....        (no amulet)
Stlth   ++           k - ring of poison resistance
HPRegen 0.27/turn    j - +5 ring of evasion
MPRegen 0.21/turn

%: no passive effects
@: no status effects
A: no striking features
a: Renounce Religion


You were on level 8 of the Dungeon.
You worshipped Vehumet.
Vehumet was pleased with you.
You visited 2 branches of the dungeon, and saw 9 of its levels.
You also visited: Sewer.

You collected 497 gold pieces.
You spent 360 gold pieces at shops.

Inventory:

Hand Weapons
 b - a +0 long sword
 q - a +0 arbalest
Armour
 c - a +0 robe (worn)
 e - a +0 pair of boots (worn)
 g - a +0 helmet (worn)
 h - a +2 cloak of willpower (worn)
Magical Staves
 a - a staff of earth (weapon)
 l - a staff of conjuration
Jewellery
 j - a +5 ring of evasion (right hand)
 k - a ring of poison resistance (left hand)
 v - a ring of resist corrosion
Wands
 t - a wand of flame (9)
 y - a wand of polymorph (10)
Scrolls
 f - 3 scrolls of amnesia
 n - 2 scrolls of immolation
 p - 2 scrolls of enchant armour
 x - 2 scrolls of summoning
 A - a scroll of poison
 B - 3 scrolls of teleportation
 C - a scroll of fog {unknown}
Potions
 d - a potion of experience {unknown}
 i - 4 potions of lignification {unknown}
 m - a potion of brilliance {unknown}
 o - 3 potions of curing {unknown}
 r - 5 potions of degeneration {unknown}
 s - a potion of haste
 u - 4 potions of heal wounds
 w - 3 potions of might {unknown}
 z - a potion of attraction {unknown}


   Skills:
 - Level 2.4 Dodging
 - Level 2.4 Stealth
 + Level 13.0 Spellcasting
 - Level 1.1 Transmutations
 + Level 11.2 Earth Magic


You had 24 spell levels left.
You knew the following spells:

 Your Spells              Type           Power      Damage    Failure   Level
a - Sandblast             Erth           100%       2d20      1%          1
b - Stone Arrow           Conj/Erth      100%       3d13      1%          3
c - Petrify               Tmut/Erth      63%        N/A       2%          4
z - Passwall              Tmut/Erth      52%        N/A       1%          2

Your spell library contained the following spells:

 Spells                   Type           Power      Damage    Failure   Level
 Shock                    Conj/Air       64%        1d7       3%          1
 Necrotise                Necr           64%        1d7       3%          1
 Portal Projectile        Hex/Tloc       32%        N/A       11%         3
 Tukima's Dance           Hex            16%        N/A       11%         3
 Vampiric Draining        Necr           16%        2d7       11%         3
 Olgreb's Toxic Radiance  Pois           16%        N/A       34%         4
 Blade Hands              Tmut           10%        N/A       54%         5
 Agony                    Necr           16%        N/A       69%         5
 Discord                  Hex            8%         N/A       100%        8
 Ignition                 Fire           8%         3d5       100%        8


Dungeon Overview and Level Annotations

Branches:
Dungeon (8/15)             Temple (1/1) D:4           Sewer (visited)
   Lair: D:8-11

Altars:
Ashenzari
Cheibriados
Dithmenos
Elyvilon
Fedhas
Gozag
Hepliaklqana
Kikubaaqudgha
Makhleb
Nemelex Xobeh
Okawaru
Qazlal
Ru
Sif Muna
Trog
Vehumet
Wu Jian
Xom
Zin
The Shining One

Shops:
D:6 !:(=


Message History

Press: ? - help, Shift-Dir - straight line, f/p - boulder beetle
Aim: a boulder beetle (severely wounded, 100% to hit)
You feel a surge of power!
The stone arrow hits the boulder beetle!
The boulder beetle is severely wounded.
The boulder beetle closely misses you.
The boulder beetle attacks as you move away!
The boulder beetle bites you but does no damage.
The boulder beetle attacks as you move away!
The boulder beetle bites you!
The boulder beetle leaps!
The boulder beetle curls into a ball and begins rolling!
There is an open door here.
Things that are here:
a +0 shortbow; a centaur corpse The boulder beetle barely misses you.
The boulder beetle stops rolling and uncurls.
The boulder beetle leaps!
There is an open door here.
You see here 6 curare-tipped darts.
You open the door.
A gargoyle comes into view.
It is wielding a +3 flail of holy wrath.
Okay, then.
Which direction?
You close the door.
There is an open door here.
There is an open door here.
Things that are here:
a +0 shortbow; a centaur corpse
Casting: Stone Arrow (safe; 1% risk of failure)
Confirm with . or Enter, or press ? or * to list all spells.
Aiming: Stone Arrow (safe; 1% risk of failure)
Press: ? - help, Shift-Dir - straight line, f/p - boulder beetle
Aim: a boulder beetle (heavily wounded, 100% to hit)
You feel a surge of power!
The stone arrow hits the boulder beetle!!
The boulder beetle is almost dead.
The boulder beetle bites you!
The boulder beetle attacks as you move away!
The boulder beetle bites you!!
You die...

#....####.# #
#....'....###.+
##########..".###.....#
#...#...##.........##.#
+.9.+...##.........○○..>#
#(..##...○...°°.#####
##'##..###○.....#
#...#B## #......# +...@.#
#......# #...###
#........ #####
#......#.# ######.... ##.


You could see a boulder beetle.

Vanquished Creatures
  A centaur warrior (D:8)
  Joseph (D:7)
  Prince Ribbit (D:7)
  A wyvern (D:6)
  A water moccasin (Sewer)
  3 ice beasts
  An orc warrior (D:7)
  A sky beast (D:7)
  An ogre (D:4)
  2 centaurs
  3 bullfrogs
  2 scorpions
  8 hounds
  A jelly (D:6)
  2 gnoll boudas
  3 orc priests
  3 iguanas
  2 sleepcaps
  Crazy Yiuf (D:2)
  Terence (D:2)
  An orc wizard (D:7)
  12 gnolls
  12 adders
  A white imp (D:4)
  2 worms
  2 dart slugs (D:1)
  13 orcs
  2 endoplasms
  7 giant cockroaches
  8 goblins
  10 hobgoblins
  7 jackals
  3 quokkas
  15 ball pythons
  9 bats
  11 frilled lizards
  11 kobolds
  26 rats
191 creatures vanquished.

Notes
Turn   | Place    | Note
-------+----------+-------------------------------------------
     0 | D:1      | Heoruswealwe the Deep Elf Earth Elementalist began the
                  | quest for the Orb.
     0 | D:1      | Reached XP level 1. HP: 10/10 MP: 6/6
   130 | D:1      | Reached XP level 2. HP: 15/15 MP: 4/8
   133 | D:1      | Learned a level 2 spell: Passwall
   351 | D:1      | Reached skill level 4 in Spellcasting
   437 | D:1      | Reached XP level 3. HP: 19/19 MP: 8/10
   441 | D:1      | Learned a level 3 spell: Stone Arrow
   760 | D:2      | Found a faded altar of an unknown god.
   893 | D:2      | Reached XP level 4. HP: 24/24 MP: 10/12
   898 | D:2      | Learned a level 4 spell: Petrify
  1008 | D:2      | Found a runed translucent door.
  1009 | D:2      | Noticed Crazy Yiuf
  1014 | D:2      | Killed Crazy Yiuf
  1015 | D:2      | Reached skill level 5 in Spellcasting
  1268 | D:2      | Reached skill level 5 in Earth Magic
  1387 | D:2      | Noticed Terence
  1406 | D:2      | Killed Terence
  1407 | D:2      | Reached XP level 5. HP: 24/28 MP: 0/15
  1750 | D:3      | Found a glowing drain.
  1765 | D:3      | You fall into a shaft and drop 1 floor!
  1821 | D:4      | Reached skill level 6 in Spellcasting
  1865 | D:4      | Found a shimmering blue altar of Sif Muna.
  1911 | D:4      | Noticed an ogre
  1913 | D:4      | Killed an ogre
  1914 | D:4      | Reached XP level 6. HP: 32/32 MP: 12/17
  2067 | Sewer    | Entered a sewer
  2087 | Sewer    | Noticed a water moccasin
  2090 | Sewer    | Killed a water moccasin
  2091 | Sewer    | Reached skill level 7 in Spellcasting
  2349 | D:3      | Reached XP level 7. HP: 36/36 MP: 17/19
  2420 | D:3      | Found a radiant altar of Vehumet.
  2429 | D:3      | Became a worshipper of Vehumet
  2670 | D:4      | Found a glowing golden altar of the Shining One.
  2824 | D:4      | Found a burning altar of Makhleb.
  2824 | D:4      | Found an opulent altar of Gozag.
  2877 | D:4      | Found a staircase to the Ecumenical Temple.
  2922 | D:3      | You fall into a shaft and drop 1 floor!
  3004 | D:5      | Entered Level 5 of the Dungeon
  3145 | D:5      | Reached skill level 8 in Spellcasting
  3260 | Temple   | Entered the Ecumenical Temple
  3506 | D:5      | Found an iron altar of Okawaru.
  4010 | D:5      | Found a bloodstained altar of Trog.
  4140 | D:6      | Reached * piety under Vehumet
  4140 | D:6      | Offered knowledge of Shock by Vehumet.
  4146 | D:6      | Reached skill level 9 in Spellcasting
  4149 | D:6      | Found Jeor's Magic Scroll Boutique.
  4166 | D:6      | Bought a scroll of identify for 30 gold pieces
  4166 | D:6      | Bought a scroll of identify for 30 gold pieces
  4166 | D:6      | Bought a scroll of teleportation for 45 gold pieces
  4166 | D:6      | Bought a scroll of identify for 30 gold pieces
  4166 | D:6      | Bought a scroll of teleportation for 45 gold pieces
  4166 | D:6      | Bought a scroll of immolation for 60 gold pieces
  4225 | D:6      | Noticed a wyvern
  4231 | D:6      | Killed a wyvern
  4232 | D:6      | Reached XP level 8. HP: 27/41 MP: 12/23
  4369 | D:6      | Reached skill level 10 in Spellcasting
  4402 | D:6      | Found Pivonaon's Book Shop.
  4404 | D:6      | Found Kimug's Distillery.
  4405 | D:6      | Found Jompomak's Jewellery Shop.
  4409 | D:6      | Found Mealimiany's Weapon Shop.
  4418 | D:6      | Bought a potion of heal wounds for 75 gold pieces
  4418 | D:6      | Bought a potion of flight for 45 gold pieces
  4625 | D:7      | Noticed Prince Ribbit
  4631 | D:7      | Killed Prince Ribbit
  4632 | D:7      | Reached skill level 11 in Spellcasting
  4749 | D:7      | Reached XP level 9. HP: 33/45 MP: 16/26
  4814 | D:7      | Reached skill level 10 in Earth Magic
  4828 | D:7      | Noticed Joseph
  4833 | D:7      | Reached ** piety under Vehumet
  4838 | D:7      | Killed Joseph
  4839 | D:7      | Reached skill level 12 in Spellcasting
  4991 | D:7      | Found a sacrificial altar of Ru.
  5147 | D:8      | Noticed a centaur warrior
  5151 | D:8      | Killed a centaur warrior
  5152 | D:8      | Reached skill level 13 in Spellcasting
  5154 | D:8      | Noticed a boulder beetle
  5236 | D:8      | Noticed a gargoyle
  5244 | D:8      | Slain by a boulder beetle

Illustrated notes

Levels and vault maps discovered:
D:1:      saegor_arrival_simple_e, layout_loops_ring
D:2:      wander_river, layout_basic, shapermc_ecumenical_altar_mp_ritualfount,
          minmay_rat_hole, uniq_terence, uniq_crazy_yiuf_cottage
D:3:      layout_rooms, fiery_altar_vehumet, gup_sewer_entry_glass
D:4:      layout_loops_ring, gammafunk_temple_overflow_forgotten, led_sif_pool,
          minmay_temple_entry_from_below_a, minmay_pentomino_pile
D:5:      layout_rooms, mainiacjoe_overflow_catwalk,
          lemuel_coloured_pillars_altar, minmay_lizard_king
D:6:      layout_rooms, serial_shops, nicolae_shop_statue_plus,
          minmay_shop_grid_forest
D:7:      layout_cave_pools, general_overflow_altar, minmay_parallelograms,
          uniq_joseph, uniq_prince_ribbit1
D:8:      layout_basic, enter_ossuary_5, minmay_evil_grid
Temple:   minmay_temple_bridge_abc

Skill      XL: |  1  2  3  4  5  6  7  8  9 |
---------------+----------------------------+-----
Spellcasting   | 4 5 6 7 9 11 13 | 13.0
Earth Magic    | 4 5 6 8 9 11 | 11.2
Dodging        | |  2.4
Stealth        | |  2.4
Transmutations | |  1.1

Action                     |  1- 3 |  4- 6 |  7- 9 || total
---------------------------+-------+-------+-------++-------
  Melee: Staff             |    14 |     3 |     1 ||    18
         Punch             |     1 |     1 |    17 ||    19
         Long sword        |       |    77 |   316 ||   393
   Cast: Sandblast         |    56 |    92 |   120 ||   268
         Passwall          |     2 |     1 |       ||     3
         Stone Arrow       |       |     1 |    33 ||    34
         Petrify           |       |       |     6 ||     6
    Use: Potion            |       |     1 |     2 ||     3
         Scroll            |       |       |     8 ||     8
 Armour: Robe              |     3 |    14 |     8 ||    25
  Dodge: Dodged            |     9 |    14 |    40 ||    63
